 Dungeon Crawl Stone Soup version 0.28-a0-595-g9f6c0e134a (webtiles) character file.

Game seed: 10044269783222090172

40 funkygono the Firebug (level 3, -1/19 HPs)
             Began as a Gargoyle Fire Elementalist on Oct 5, 2021.
             Slain by Terence (5 damage)
             ... on level 1 of the Dungeon.
             The game lasted 00:02:15 (1200 turns).

funkygono the Firebug (Gargoyle Fire Elementalist)  Turns: 1200, Time: 00:02:16

Health: -1/19      AC:  6    Str: 11    XL:     3   Next: 50%
Magic:  0/7        EV: 12    Int: 16    God:
Gold:   22         SH:  0    Dex: 10    Spells: 1/7 levels left

rFire   . . .      SeeInvis .   c - +0 whip
rCold   . . .      Faith    .   (no shield)
rNeg    + + .      Spirit   .   a - +0 robe
rPois   ∞          Reflect  .   (no helmet)
rElec   +          Harm     .   (no cloak)
rCorr   .          Rampage  .   d - +0 pair of gloves
Will    .....                   (no boots)
Stlth   ++........              (no amulet)
HPRegen 0.06/turn               g - ring of positive energy
MPRegen 0.10/turn               (no ring)

@: no status effects
A: sickness immunity, AC +3, negative energy resistance 1, electricity
resistance, torment resistance 1, petrification resistance
a: no special abilities


You were on level 1 of the Dungeon.
You visited 1 branch of the dungeon, and saw 2 of its levels.

You collected 22 gold pieces.

Inventory:

Hand Weapons
 c - a +0 whip (weapon)
Missiles
 b - 37 stones
Armour
 a - a +0 robe (worn)
 d - a +0 pair of gloves (worn)
Jewellery
 g - a ring of positive energy (left hand)
Potions
 e - a potion of curing {unknown}
 f - a potion of heal wounds {unknown}


   Skills:
 + Level 0.1 Maces & Flails
 + Level 1.6 Dodging
 - Level 2.1 Stealth
 * Level 2.6 Spellcasting
 * Level 1.7 Conjurations
 * Level 3.6 Fire Magic


You had one spell level left.
You knew the following spells:

 Your Spells              Type           Power      Damage    Failure   Level
a - Foxfire               Conj/Fire      40%        2x1d6     6%          1
b - Scorch                Fire           26%        2d6       7%          2
c - Conjure Flame         Conj/Fire      10%        6-21      19%         3

Your spell library contained the following spells:

 Spells                   Type           Power      Damage    Failure   Level
 Inner Flame              Hex/Fire       7%         N/A       28%         3
 Flame Wave               Conj/Fire      10%        3d4       54%         4


Dungeon Overview and Level Annotations

Branches:
Dungeon (2/15)

Altars:

Annotations:
D:1 Terence


Innate Abilities, Weirdness & Mutations

You are immune to sickness and miasma.
Your stone body is resilient. (AC +3)
You are immune to poison.
You resist negative energy. (rN+)
You are resistant to electric shocks. (rElec)
You are resistant to unholy torment.
You are immune to petrification.


Message History

The foxfire hits Terence but does no damage.
Terence is lightly wounded.
Terence closely misses you.
The foxfire hits Terence but does no damage.
Terence is lightly wounded.
The foxfire hits Terence but does no damage.
Terence is lightly wounded.
Terence hits you with a +0 flail.
You hit Terence but do no damage.
Terence is lightly wounded.
Terence closely misses you.
Casting: Foxfire (safe; 6% risk of failure)
Confirm with . or Enter, or press ? or * to list all spells.
You conjure some foxfire!
Terence hits you but does no damage.
Unknown command.
You hit Terence.
Terence is moderately wounded.
The foxfire hits Terence but does no damage.
Terence is moderately wounded.
The foxfire hits Terence but does no damage.
Terence is moderately wounded.
Terence misses you.
There is a stone staircase leading up here.
Terence looks scornfully at you. Terence barely misses you.
You climb upwards.
There is a stone staircase leading down here.
Casting: Foxfire (safe; 6% risk of failure)
Confirm with . or Enter, or press ? or * to list all spells.
You conjure some foxfire!
Terence hits you with a +0 flail.
* * * LOW HITPOINT WARNING * * *
Unknown command.
You barely miss Terence.
Terence is moderately wounded.
The foxfire hits Terence but does no damage.
Terence is moderately wounded.
The foxfire hits Terence but does no damage.
Terence is moderately wounded.
Terence hits you with a +0 flail.
You die...

#............#####.#...#
###.####.###.# #.#..## #
#.########.#####.#..# #
#.##.............#..# #
#......#######...#..# #
####.#.# #...#..#
#.#.#######...#..# #
#.#.#.....#......# #
##.#.#.....#@@.##.# #
#....#.....#......# #
#..#.#.....#..#.#.# #
#..#..........#.#.#
#..#####.###..#.#.#
#..#####.###..#.#.#
#.............#.#.#
#........###.##.#.#
#.######## #.##.#.#


You could see Terence.

Vanquished Creatures
  An adder (D:2)
  3 endoplasms
  A giant cockroach (D:1)
  3 goblins (D:1)
  3 hobgoblins (D:1)
  2 kobolds (D:1)
  A quokka (D:1)
  6 ball pythons (D:1)
  5 bats (D:1)
  2 frilled lizards
  2 rats (D:1)
29 creatures vanquished.

Vanquished Creatures (others)
  77 foxfires
77 creatures vanquished.

Grand Total: 106 creatures vanquished

Notes
Turn   | Place    | Note
-------+----------+-------------------------------------------
     0 | D:1      | funkygono the Gargoyle Fire Elementalist began the quest
                  | for the Orb.
     0 | D:1      | Reached XP level 1. HP: 10/10 MP: 3/3
   364 | D:1      | Reached XP level 2. HP: 15/15 MP: 3/5
   379 | D:1      | Learned a level 2 spell: Scorch
   476 | D:1      | Found a faded altar of an unknown god.
   749 | D:1      | Reached XP level 3. HP: 19/19 MP: 3/6
   753 | D:1      | Learned a level 3 spell: Conjure Flame
  1176 | D:2      | Noticed Terence
  1200 | D:1      | Slain by Terence

Illustrated notes

Levels and vault maps discovered:
D:1:      minmay_arrival_nine_rooms, layout_loops_ring,
          hellmonk_ecumenical_altar_heavens_door
D:2:      layout_basic, minmay_liquid_box, uniq_terence

Action                   || total
-------------------------++-------
Melee: Whip              ||    20
 Cast: Foxfire           ||    44
Armor: Robe              ||    16
Dodge: Dodged            ||    20

Table legend: (Time is in decaauts)
 A = Elapsed time spent in this place.
 B = Non-inter-level travel time spent in this place.
 C = Inter-level travel time spent in this place.
 D = Time resting spent in this place.
 E = Time spent auto-exploring this place.
 F = Levels seen in this place.
 G = Mean time per level.
                   A        B        C        D        E       F      G
               +--------+--------+--------+--------+--------+-----+--------+
         Total |   1201 |   1187 |     14 |    130 |    827 |   2 |  600.5 |
       Dungeon |   1201 |   1187 |     14 |    130 |    827 |   2 |  600.5 |
               +--------+--------+--------+--------+--------+-----+--------+

Top non-repeatable levels by time:
     D:1: 1096 daAuts
     D:2: 104 daAuts
